 Dungeon Crawl Stone Soup version 0.25-a0-294-gea9b1ad378 (webtiles) character file.

Game seed: 14571544857756286088, levelgen mode: deterministic

12388 night the Grappler (level 11, -18/92 HPs)
             Began as a Demonspawn Gladiator on Dec 16, 2019.
             Was an Elder of Kikubaaqudgha.
             Hit by a silver javelin thrown by a minotaur (24 damage)
             ... in a Gauntlet.
             The game lasted 00:37:54 (10058 turns).

night the Grappler (Demonspawn Gladiator)          Turns: 10058, Time: 00:37:54

Health: -18/92     AC: 19    Str: 24      XL:     11   Next: 61%
Magic:  8/11       EV: 12    Int:  9 (12) God:    Kikubaaqudgha [****..]
Gold:   166        SH:  6    Dex: 11 (14) Spells: 0/10 levels left

rFire    + . .     SeeInvis +     - Unarmed
rCold    . . .     Gourm    +   (no shield)
rNeg     . . .     Faith    .   y - +8 ring mail of Entitlement {rElec}
rPois    +         Spirit   .   a - +2 helmet
rElec    +         Reflect  .   O - +2 cloak of the Constellations {rF+ rC- rCorr SInv}
rCorr    +         Harm     .   (gloves unavailable)
MR       .....     NoTele   +   (no boots)
Stlth    +.........             D - amulet of the gourmand
HPRegen  0.25/turn              m - +5 ring of strength
MPRegen  0.12/turn              x - ring of Joy {rPois rC+ Str+3}

@: hasted, studying Armour, lightly drained, very quick
A: claws 3, large bone plates 2, demonic guardian 1, spiny 2
a: Receive Corpses, Renounce Religion


You were in a Gauntlet.
You worshipped Kikubaaqudgha.
Kikubaaqudgha was greatly pleased with you.
You were full.

You visited 2 branches of the dungeon, and saw 12 of its levels.
You also visited: Gauntlet.

You collected 366 gold pieces.
You spent 200 gold pieces at shops.

Inventory:

Hand Weapons
 k - a +0 hunting sling
 I - a +0 shortbow
 K - a +0 arbalest
Missiles
 c - 4 throwing nets
 h - 13 boomerangs (quivered)
 n - 71 bolts
 p - 209 stones
 B - 95 arrows
Armour
 a - a +2 helmet (worn)
 y - the +8 ring mail of Entitlement (worn) {rElec}
   (You found it on level 4 of the Dungeon)

   It insulates you from electricity.
 L - a +1 helmet of intelligence
 O - the +2 cloak of the Constellations (worn) {rF+ rC- rCorr SInv}
   (You found it in a Gauntlet)

   It protects you from fire.
   It makes you vulnerable to cold.
   It lets you see invisible.
   It provides partial protection from all sources of acid and corrosion.
Jewellery
 m - a +5 ring of strength (left claw)
 s - a +5 ring of intelligence
 w - an uncursed ring of fire
 x - the ring of Joy (right claw) {rPois rC+ Str+3}
   (You found it on level 4 of the Dungeon)

   [ring of strength]

   It affects your strength (+3).
   It protects you from cold.
   It protects you from poison.
 A - an uncursed ring of poison resistance
 C - an uncursed ring of magical power
 D - an amulet of the gourmand (around neck)
 E - an uncursed ring of wizardry
 G - the ring of Gaxi {rElec rPois rF+}
   (You bought it in a shop on level 9 of the Dungeon)

   [ring of poison resistance]

   It protects you from fire.
   It insulates you from electricity.
   It protects you from poison.
Wands
 l - a wand of paralysis (3)
 u - a wand of digging (5)
Scrolls
 b - a scroll of blinking {unknown}
 e - 11 scrolls of identify
 f - a scroll of amnesia {unknown}
 g - 3 scrolls of remove curse
 i - 3 scrolls of teleportation
 q - 3 scrolls of enchant armour
 r - a scroll of magic mapping
 t - 3 scrolls of immolation
 z - a scroll of fear {unknown}
 H - a scroll of summoning {unknown}
 N - a scroll of fog {unknown}
Potions
 j - 2 potions of agility
 o - 2 potions of brilliance
 v - a potion of invisibility
 F - 2 potions of curing
Books
 M - a manual of Armour
Comestibles
 d - 19 rations


   Skills:
 + Level 10.3 Fighting
 - Level 1.7 Throwing
 - Level 2.6 Dodging
 * Level 12.6(12.5) Unarmed Combat
 + Level 8.4(8.3) Necromancy


You couldn't memorise any spells.
You knew the following spells:

 Your Spells              Type           Power        Failure   Level  Hunger
a - Pain                  Necr           ###.         1%          1    ##.....
b - Sublimation of Blood  Necr           ###.......   3%          2    ###....
c - Regeneration          Chrm/Necr      #.........   34%         3    ####...
d - Animate Dead          Necr           N/A          21%         4    #####..

Your spell library contained the following spells:

 Spells                   Type           Power        Failure   Level  Hunger
 Corpse Rot               Necr/Air       N/A          17%         2    ###....
 Agony                    Necr           ###.....     50%         5    ######.
 Dispel Undead            Necr           ###.....     50%         5    ######.
 Borgnjor's Vile Clutch   Necr/Erth      #.........   97%         5    ######.
 Simulacrum               Ice/Necr       #.........   100%        6    #######


Dungeon Overview and Level Annotations

Branches:
Dungeon (11/15)            Temple (1/1) D:4            Lair (0/6) D:11
Gauntlet (1/1)
    Orc: D:9-12

Altars:
Ashenzari
Cheibriados
Dithmenos
Elyvilon
Fedhas
Gozag
Hepliaklqana
Kikubaaqudgha
Makhleb
Nemelex Xobeh
Okawaru
Qazlal
Ru
Sif Muna
Trog
Uskayaw
Vehumet
Wu Jian
Xom
Yredelemnul
Zin
The Shining One

Shops:
D:8 *   D:9 *

Annotations:
D:2 1 runed translucent door, Crazy Yiuf, Natasha
D:8 1 runed translucent door Gauntlet 12 transporters


Innate Abilities, Weirdness & Mutations

You have claws for hands.
You are mostly covered in large bone plates. (SH +6)
A weak demonic guardian rushes to your aid.
You are mostly covered in sharp spines.


Message History

Okay, then.
Okay, then.
You feel better.
The minotaur throws a silver javelin.
The silver javelin misses you.
You feel yourself speed up.
The minotaur throws a silver javelin.
The silver javelin completely misses you.
The silver javelin closely misses your iron imp.
You feel better.
The minotaur throws a silver javelin.
The silver javelin pierces through your white imp!!
Your white imp dies!
The silver javelin pierces through you!!
* * * LOW HITPOINT WARNING * * *
The silver sears you!
* * * LOW HITPOINT WARNING * * *
The silver javelin pierces through your iron imp!!
Your iron imp dies!
The minotaur throws a silver javelin.
The silver javelin pierces through you!!
You die...
Kikubaaqudgha rasps: "You have failed me!
Welcome... death!"

#################################
#8# #8##≈...............≈##8# #8
### ####8..©.©.©.©.©.©..8#### ##
#≈...............≈#
#########.######### #####.#
#.....# #.####### #.#(@...#
#.#†###.# #.#.# #.# #.#.# #.#
#.#.# #.# #.#H. #.# #.#####.#
#.......# #########


You could see a minotaur.

Vanquished Creatures
  A death ooze (Gauntlet)
  Josephine (D:10)
  Erica (D:9)
  A two-headed ogre (D:9)
  An unseen horror (D:11)
  Pikel (D:4)
  An apocalypse crab (Gauntlet)
  2 gargoyles
  2 hornets
  Grinder (D:4)
  3 hippogriffs
  A vampire (D:9)
  A yak (D:10)
  5 wraiths
  Grum (D:8)
  Menkaure (D:4)
  Duvessa (D:6)
  A water moccasin (D:8)
  6 orc warriors
  2 ice beasts (D:9)
  A black bear (D:10)
  4 sky beasts
  A phantom (D:7)
  8 ogres
  4 wolves (D:8)
  3 centaurs
  A crocodile (D:10)
  6 bullfrogs
  A spiny frog simulacrum (Gauntlet)
  2 scorpions
  4 killer bees (D:8)
  An electric eel (D:10)
  5 howler monkeys
  4 crimson imps
  3 bullfrog zombies
  10 orc wizards
  A centaur zombie (D:6)
  4 jellies
  5 hounds
  3 orc priests
  An iguana (D:4)
  7 worker ants
  A killer bee zombie (D:6)
  2 bullfrog simulacra (Gauntlet)
  A hound skeleton (D:5)
  15 adders
  3 shadow imps
  An adder zombie (D:8)
  2 adder skeletons
  3 worms
  A dart slug (D:2)
  6 leopard geckos
  36 orcs
  A ball python (D:2)
  12 giant cockroaches
  7 goblins
  5 hobgoblins
  12 jackals
  2 quokkas (D:2)
  6 bats
  3 frilled lizards
  A giant cockroach zombie (D:5)
  5 kobolds
  A leopard gecko zombie (D:5)
  5 rats
  A fungus (D:2)
245 creatures vanquished.

Vanquished Creatures (collateral kills)
  Edmund (D:4)
  An ogre (D:4)
  Dowan (D:6)
  2 howler monkeys
  A quasit (D:6)
  2 orc wizards (D:3)
  Natasha (D:2)
  Terence (D:2)
  A worker ant (D:4)
  An adder (D:9)
  3 orcs
  A goblin (D:2)
  A kobold (D:2)
17 creatures vanquished.

Vanquished Creatures (others)
  6 fungi (Gauntlet)
  12 plants (Gauntlet)
18 creatures vanquished.

Grand Total: 280 creatures vanquished

Notes
Turn   | Place    | Note
-------+----------+-------------------------------------------
     0 | D:1      | night the Demonspawn Gladiator began the quest for the Orb.
     0 | D:1      | Reached XP level 1. HP: 16/16 MP: 1/1
   397 | D:1      | Reached skill level 3 in Unarmed Combat
   397 | D:1      | Gained mutation: You are partially covered in large bone
                  | plates. (SH +4) [demonic ancestry]
   397 | D:1      | Reached XP level 2. HP: 18/23 MP: 2/2
   861 | D:2      | Found a bloodstained altar of Trog.
   893 | D:1      | Gained mutation: A weak demonic guardian rushes to your
                  | aid. [demonic ancestry]
   893 | D:1      | Reached XP level 3. HP: 25/28 MP: 3/3
  1341 | D:2      | Noticed Terence
  1353 | D:2      | Killed Terence
  1412 | D:2      | Noticed Natasha
  1419 | D:2      | Killed Natasha
  1419 | D:2      | Gained mutation: You have sharp fingernails. [demonic
                  | ancestry]
  1419 | D:2      | Reached XP level 4. HP: 35/35 MP: 4/4
  1897 | D:2      | Reached skill level 4 in Unarmed Combat
  1977 | D:2      | Found a runed translucent door.
  1978 | D:2      | Noticed Crazy Yiuf
  1978 | D:2      | Noticed Natasha
  2106 | D:3      | Found a faded altar of an unknown god.
  2182 | D:3      | Gained mutation: You are partially covered in sharp spines.
                  | [demonic ancestry]
  2182 | D:3      | Reached XP level 5. HP: 3/42 MP: 5/5
  2811 | D:4      | Found a stormy altar of Qazlal.
  2811 | D:4      | Noticed a fire elemental
  2814 | D:4      | Noticed a water elemental
  2814 | D:4      | Noticed an air elemental
  2828 | D:4      | Noticed Edmund
  2861 | D:4      | Killed Edmund
  3147 | D:4      | Reached XP level 6. HP: 49/49 MP: 6/6
  3193 | D:4      | Reached skill level 5 in Unarmed Combat
  3239 | D:4      | Noticed Grinder
  3254 | D:4      | Killed Grinder
  3254 | D:4      | Reached skill level 5 in Fighting
  3254 | D:4      | Gained mutation: You are mostly covered in large bone
                  | plates. (SH +6) [demonic ancestry]
  3254 | D:4      | Reached XP level 7. HP: 47/56 MP: 7/7
  3268 | D:4      | Got a twitching ivory ring
  3269 | D:4      | Found a staircase to the Ecumenical Temple.
  3269 | D:4      | Noticed Menkaure
  3278 | D:4      | Reached skill level 6 in Unarmed Combat
  3290 | D:4      | Killed Menkaure
  3550 | Temple   | Entered the Ecumenical Temple
  3707 | Temple   | Became a worshipper of Kikubaaqudgha
  4100 | D:4      | Noticed Pikel
  4119 | D:4      | Killed Pikel
  4119 | D:4      | Reached skill level 7 in Unarmed Combat
  4119 | D:4      | Reached XP level 8. HP: 45/65 MP: 8/8
  4166 | D:4      | Identified the ring of Joy {rPois rC+ Str+3} (You found it
                  | on level 4 of the Dungeon)
  4289 | D:4      | Found a sacrificial altar of Ru.
  4314 | D:4      | Got a twisted ring mail
  4325 | D:4      | Identified the +8 ring mail of Entitlement {rElec} (You
                  | found it on level 4 of the Dungeon)
  4417 | D:5      | Entered Level 5 of the Dungeon
  4571 | D:5      | Reached skill level 8 in Unarmed Combat
  4944 | D:5      | Reached * piety under Kikubaaqudgha
  4944 | D:5      | Identified Kikubaaqudgha's Papyrus of Darkness
                  | (Kikubaaqudgha gifted it to you on level 5 of the Dungeon)
  4944 | D:5      | Received a gift from Kikubaaqudgha
  4997 | D:5      | Learned a level 1 spell: Pain
  5000 | D:5      | Learned a level 2 spell: Sublimation of Blood
  5004 | D:5      | Learned a level 3 spell: Regeneration
  5079 | D:6      | Noticed Duvessa
  5080 | D:6      | Noticed Dowan
  5090 | D:6      | Killed Duvessa
  5090 | D:6      | Reached skill level 1 in Necromancy
  5093 | D:6      | Killed Dowan
  5417 | D:6      | Gained mutation: You have very sharp fingernails. [demonic
                  | ancestry]
  5417 | D:6      | Reached XP level 9. HP: 72/72 MP: 9/9
  5497 | D:6      | Found a sparkling altar of Nemelex Xobeh.
  5498 | D:6      | Found an opulent altar of Gozag.
  5656 | D:7      | Found a shimmering altar of Xom.
  5692 | D:7      | Reached skill level 9 in Unarmed Combat
  5771 | D:7      | Reached ** piety under Kikubaaqudgha
  6090 | D:7      | Found a snail-covered altar of Cheibriados.
  6190 | D:8      | Found Ifruc's General Store.
  6214 | D:8      | Noticed Grum
  6224 | D:8      | Killed Grum
  6305 | D:8      | Reached skill level 10 in Unarmed Combat
  6370 | D:8      | Bought a potion of curing for 30 gold pieces
  6561 | D:8      | Reached skill level 5 in Necromancy
  6561 | D:8      | Gained mutation: You are mostly covered in sharp spines.
                  | [demonic ancestry]
  6561 | D:8      | Reached XP level 10. HP: 75/82 MP: 10/10
  6586 | D:8      | Reached *** piety under Kikubaaqudgha
  6586 | D:8      | Identified Kikubaaqudgha's Almanac of Evil (Kikubaaqudgha
                  | gifted it to you on level 8 of the Dungeon)
  6586 | D:8      | Received a gift from Kikubaaqudgha
  6608 | D:8      | Found a blossoming altar of Fedhas.
  6610 | D:8      | Found a burning altar of Makhleb.
  6766 | D:8      | Found a runed translucent door.
  6766 | D:8      | Noticed a deep elf knight
  6766 | D:8      | Noticed an orc knight
  6768 | D:8      | Noticed a frost giant
  6768 | D:8      | Noticed a deep troll
  6768 | D:8      | Noticed a rakshasa
  6768 | D:8      | Noticed a yaktaur captain
  6865 | D:9      | Found Siatias's Assorted Antiques.
  6957 | D:9      | Found an ornate altar of the Wu Jian Council.
  7120 | D:9      | Noticed Erica
  7135 | D:9      | Killed Erica
  7135 | D:9      | Reached skill level 11 in Unarmed Combat
  7234 | D:9      | Found a glowing golden altar of the Shining One.
  7353 | D:9      | Bought a fine turquoise ring for 170 gold pieces
  7356 | D:9      | Identified the ring of Gaxi {rElec rPois rF+} (You bought
                  | it in a shop on level 9 of the Dungeon)
  7490 | D:10     | Entered Level 10 of the Dungeon
  7490 | D:10     | Noticed a two-headed ogre
  7490 | D:10     | Noticed a gargoyle
  7502 | D:9      | Killed a gargoyle
  7617 | D:10     | Noticed Josephine
  7627 | D:9      | Killed a two-headed ogre
  7820 | D:9      | Reached **** piety under Kikubaaqudgha
  8157 | D:10     | Gained mutation: You have claws for hands. [demonic
                  | ancestry]
  8157 | D:10     | Reached XP level 11. HP: 74/89 MP: 11/11
  8376 | D:10     | Reached skill level 12 in Unarmed Combat
  8384 | D:10     | Killed Josephine
  8384 | D:10     | Reached skill level 10 in Fighting
  8389 | D:10     | HP: 4/90 [orc priest/divine providence (16)]
  8976 | D:10     | Learned a level 4 spell: Animate Dead
  9010 | D:11     | Noticed a cyan ugly thing
  9091 | D:11     | Paralysed by a hornet for 2 turns
  9103 | D:11     | Killed an unseen horror
  9122 | D:11     | Found a gate leading to a gauntlet.
  9122 | D:11     | Noticed a seven-headed hydra
  9180 | Gauntlet | Entered a Gauntlet
  9180 | Gauntlet | Found a transporter.
  9322 | Gauntlet | Found a transporter.
  9337 | Gauntlet | Found a transporter.
  9342 | Gauntlet | Found a transporter.
  9347 | Gauntlet | Noticed a wizard
  9350 | Gauntlet | Noticed a wizard
  9357 | Gauntlet | Found a transporter.
  9362 | Gauntlet | Found the +8 arc blade {discharge, rElec}
  9376 | Gauntlet | Found a transporter.
  9385 | Gauntlet | Noticed a hell hog
  9388 | Gauntlet | Found a transporter.
  9396 | Gauntlet | Noticed a wizard
  9396 | Gauntlet | Noticed a wizard
  9400 | Gauntlet | Found a transporter.
  9412 | Gauntlet | Found a transporter.
  9412 | Gauntlet | Noticed an entropy weaver
  9418 | Gauntlet | Found a transporter.
  9418 | Gauntlet | Found a transporter.
  9425 | Gauntlet | Noticed a wolf spider
  9433 | Gauntlet | Found a transporter.
  9450 | Gauntlet | Found a transporter.
  9470 | Gauntlet | Found a transporter.
  9494 | Gauntlet | Noticed a death ooze
  9495 | Gauntlet | Found a transporter.
  9497 | Gauntlet | Found a transporter.
  9517 | Gauntlet | Found a transporter.
  9595 | Gauntlet | Found a transporter.
  9757 | Gauntlet | Killed a death ooze
  9998 | Gauntlet | Got a spiked cloak
 10004 | Gauntlet | Identified the +2 cloak of the Constellations {rF+ rC-
                  | rCorr SInv} (You found it in a Gauntlet)
 10051 | Gauntlet | Noticed a minotaur
 10058 | Gauntlet | Hit by a silver javelin thrown by a minotaur

Levels and vault maps discovered:
D:1:      lightli_arrival_quake, layout_basic
D:2:      layout_rooms, bloody_trog, dk_noncrumbling_3, minmay_diced_spiral,
          uniq_natasha, uniq_crazy_yiuf_cottage, uniq_terence
D:3:      layout_rooms, chequers_ecumenical_altar_simple_redux
D:4:      layout_basic, nicolae_overflow_crystal_walls,
          minmay_temple_entry_antechambers, eino_small_chamber_without_monster,
          nicolae_qazlal_style_of_elements, uniq_edmund, uniq_grinder,
          uniq_pikel, uniq_menkaure
D:5:      layout_basic, first_ration
D:6:      layout_rooms, grunt_temple_overflow_opulence, st_stairs_14,
          hangedman_abyss_or_decor_stabs, uniq_duvessa
D:7:      layout_cave_pools, lemuel_round_altar, kennysheep_little_box
D:8:      minmay_gate_of_8, layout_rooms, minitemple, serial_shops,
          nicolae_shop_waterfront, uniq_grum
D:9:      layout_rooms, lemuel_crystal_altar, tso_altar, serial_shops,
          nicolae_shop_waterfront, grunt_ogre_cave, st_stairs_3, uniq_erica
D:10:     minmay_spotlight, layout_basic, uniq_josephine
D:11:     layout_loops_ring, david_lair_shrubbed, gauntlet_entry_generic
Temple:   chequers_temple_sunken
Gauntlet: gammafunk_gauntlet_one_two_three [nicolae_gauntlet_arena_x,
          nicolae_gauntlet_swirl, gammafunk_gauntlet_arena_open,
          gammafunk_gauntlet_arena_corners, gammafunk_gauntlet_arena_split_x,
          nicolae_gauntlet_arena_t_cross, nicolae_gauntlet_arena_grate_2,
          gammafunk_gauntlet_arena_hedges, gammafunk_gauntlet_arena_grid,
          gauntlet_exit_spiral]

Skill      XL: |  1  2  3  4  5  6  7  8  9 10 11 |
---------------+----------------------------------+-----
Unarmed Combat | 3 4 5 7 8 10 11 12 | 12.6
Fighting       | 3 4 5 6 7 8 9 10 | 10.3
Necromancy     | 2 5 7 8 |  8.4
Throwing       | |  1.7
Dodging        | |  2.6

Action                   |  1- 3 |  4- 6 |  7- 9 | 10-12 || total
-------------------------+-------+-------+-------+-------++-------
Melee: Unarmed           |   123 |   116 |   224 |   229 ||   692
       Punch             |     2 |     3 |     5 |    10 ||    20
Throw: Boomerang         |     5 |     2 |     3 |       ||    10
 Cast: Pain              |       |       |     4 |     7 ||    11
       Animate Dead      |       |       |       |     1 ||     1
       Regeneration      |       |       |       |     1 ||     1
Invok: Receive Corpses   |       |       |       |     2 ||     2
Evoke: Wand              |       |       |       |     1 ||     1
  Use: Potion            |       |       |     2 |    11 ||    13
       Scroll            |       |       |       |     9 ||     9
 Stab: Sleeping          |     1 |       |       |       ||     1
       Distracted        |       |       |     2 |     1 ||     3
  Eat: Chunk             |     2 |     5 |    11 |    24 ||    42
Armor: Leather armour    |    38 |     1 |       |       ||    39
       Ring mail         |       |     9 |    50 |    88 ||   147
       Scale mail        |       |     4 |    11 |       ||    15
Dodge: Dodged            |    96 |    39 |    87 |    73 ||   295
Block: Other             |    18 |    12 |    45 |    35 ||   110

Table legend:
 A = Non-vault XP
 B = Vault XP
 C = Vault XP percentage of total XP
 D = Non-vault monster count
 E = Vault monster count
 F = Vault count percentage of total count
                 A         B        C        D         E       F
            +---------+---------+-------+---------+---------+-------
      Total |    9859 |    7839 |  44.3 |     224 |      37 |  14.2
            +---------+---------+-------+---------+---------+-------
        D:1 |      39 |       0 |   0.0 |      16 |       0 |   0.0
        D:2 |      72 |      47 |  39.5 |      25 |       5 |  16.7
        D:3 |     103 |       0 |   0.0 |      16 |       0 |   0.0
        D:4 |     486 |    1156 |  70.4 |      19 |       4 |  17.4
        D:5 |     283 |       0 |   0.0 |      19 |       0 |   0.0
        D:6 |     488 |     209 |  30.0 |      15 |       3 |  16.7
        D:7 |     921 |       0 |   0.0 |      16 |       0 |   0.0
        D:8 |    1620 |     610 |  27.4 |      34 |       5 |  12.8
        D:9 |    3234 |    1244 |  27.8 |      35 |       3 |   7.9
       D:10 |    1476 |    2957 |  66.7 |      24 |      12 |  33.3
       D:11 |    1137 |       0 |   0.0 |       5 |       0 |   0.0
   Gauntlet |       0 |    1616 | 100.0 |       0 |       5 | 100.0
            +---------+---------+-------+---------+---------+-------
